 Dungeon Crawl Stone Soup version 0.32-a0-841-g4648e6c457 (webtiles) character file.

Game seed: 9167297941038944330

74 zenocrate the Digger (level 4, -5/28 HPs)
             Began as an Octopode Earth Elementalist on Mar 26, 2024.
             Slain by a gnoll
             ... wielding a +0 whip
              (6 damage)
             ... on level 2 of the Dungeon.
             The game lasted 00:02:17 (1091 turns).

zenocrate the Digger (Octopode Earth Elementalist)  Turns: 1091, Time: 00:02:17

Health: -5/28      AC:  1    Str:  9    XL:     4   Next: 28%
Magic:  2/7        EV: 12    Int: 17    God:
Gold:   80         SH:  0    Dex: 12    Spells: 3/7 levels left

rFire   . . .        (no weapon)
rCold   . . .        (no shield)
rNeg    . . .        (helmet restricted)
rPois   .            (no amulet)
rElec   .            b - ring of see invisible
rCorr   .            (no ring)
SInv    +            (no ring)
Will    .....        (no ring)
Stlth   +++          (no ring)
HPRegen 0.24/turn    (no ring)
MPRegen 0.10/turn    (no ring)
                     (no ring)

%: no passive effects
@: no status effects
A: almost no armour, amphibious, 8 rings, camouflage 1, gelatinous body 1,
(nimble swimmer 1), tentacles
a: no special abilities


You were on level 2 of the Dungeon.
You visited 1 branch of the dungeon, and saw 2 of its levels.

You collected 80 gold pieces.

Inventory:

Jewellery
 b - a ring of see invisible (left tentacle)
Scrolls
 d - 2 scrolls of identify
 f - a scroll of teleportation {unknown}
Potions
 a - a potion of magic
 c - 2 potions of brilliance


   Skills:
 * Level 1.3 Fighting
 + Level 2.5 Dodging
 + Level 3.3 Stealth
 + Level 0.9 Unarmed Combat
 + Level 2.3 Spellcasting
 + Level 1.6 Conjurations
 + Level 3.3 Earth Magic


You had 3 spell levels left.
You knew the following spells:

 Your Spells              Type           Power      Damage    Failure   Level
a - Sandblast             Erth           26%        2d8       4%          1
b - Stone Arrow           Conj/Erth      20%        3d8       21%         3

Your spell library contained the following spells:

 Spells                   Type           Power      Damage    Failure   Level
 Passwall                 Erth           13%        N/A       14%         3
 Brom's Barrelling Bould  Conj/Erth      10%        2d3       56%         4
 Petrify                  Alch/Erth      7%         N/A       67%         4


Dungeon Overview and Level Annotations

Branches:
Dungeon (2/15)

Altars:


Innate Abilities, Weirdness & Mutations

You cannot wear most types of armour.
You are amphibious.
You can wear up to eight rings at the same time.
Your skin changes colour to match your surroundings (Stealth+).
Your rubbery body absorbs attacks. (AC +1, EV +1)
((You are camouflaged when in or above water. (Stealth+)))
You have tentacles for arms and can constrict up to eight enemies at once.


Message History

You kill the gnoll!
You have reached level 4!
Unknown command.
Okay, then.
Okay, then.
As you read the scroll labelled YKIJEU DEOD, it crumbles to dust.
It is a scroll of identify.
c - 2 potions of brilliance The rat barely misses you.
It was a potion of curing.
You feel better. The rat barely misses you.
You tentacle-slap the rat.
You kill the rat!
You tentacle-slap the gnoll. Your grab misses the gnoll.
Your squeeze misses the gnoll.
The gnoll is lightly wounded.
A gnoll comes into view. It is wielding a +0 whip.
The gnoll barely misses you.
You tentacle-slap the gnoll. Your grab misses the gnoll.
Your squeeze misses the gnoll.
The gnoll is moderately wounded.
Unknown command.
You tentacle-slap the gnoll. You grab the gnoll.
The gnoll is moderately wounded.
You constrict the gnoll. The gnoll hits you with a +0 flail!
* * * LOW HITPOINT WARNING * * *
Unknown command.
Okay, then.
You feel better.
You constrict the gnoll. The gnoll hits you but does no damage.
The gnoll misses you.
You tentacle-slap the gnoll. Your grab misses the gnoll.
Your squeeze misses the gnoll.
The gnoll is moderately wounded.
You constrict the gnoll.
You kill the gnoll!
The gnoll hits you with a +0 whip!
* * * LOW HITPOINT WARNING * * *
You completely miss the gnoll. Your grab misses the gnoll.
The gnoll is moderately wounded.
The gnoll hits you with a +0 whip.
You die...

#.#.##.##.......##....
#...>..##.......##.###
###.#######...........
#.# #.###..#.##. ##.##
#.#......... ##...##
#.#.#..#.... #..>..###
#.#.#..####.
#....)g.###......# #.
#....@#.....r.#.......
##....####.g..........
####.# #.#+#+#+#+#+#
#.## #.# #
#..###.###########
##..##.#.#.#.#†#.#
##..†.#'#'#'#'#'#
####............
##########...


You could see a gnoll.

Vanquished Creatures
  An adder (D:2)
  2 gnolls (D:2)
  A ribbon worm (D:2)
  2 ball pythons (D:1)
  2 endoplasms
  4 giant cockroaches (D:1)
  2 goblins
  6 hobgoblins
  7 jackals
  A quokka (D:1)
  4 bats
  3 kobolds (D:1)
  6 rats (D:2)
41 creatures vanquished.

Notes
Turn   | Place    | Note
-------+----------+-------------------------------------------
     0 | D:1      | zenocrate the Octopode Earth Elementalist began the quest
                  | for the Orb.
     0 | D:1      | Reached XP level 1. HP: 11/11 MP: 3/3
   177 | D:1      | Found a faded altar of an unknown god.
   186 | D:1      | Reached XP level 2. HP: 17/17 MP: 3/5
   546 | D:1      | Reached XP level 3. HP: 22/22 MP: 6/6
   762 | D:1      | Learned a level 3 spell: Stone Arrow
   789 | D:2      | Reached skill level 1 in Fighting
  1083 | D:2      | Reached XP level 4. HP: 3/28 MP: 1/7
  1088 | D:2      | HP: 1/28 [gnoll/+0 flail (9)]
  1091 | D:2      | Slain by a gnoll

Illustrated notes

Levels and vault maps discovered:
D:1:      lemuel_arrival_lava_pool, layout_basic,
          hellmonk_ecumenical_altar_dog_temple
D:2:      layout_loops_cross, minmay_rat_gold_closets

Skill      XL: |  1  2  3 |
---------------+----------+-----
Stealth        | 3 |  3.3
Fighting       | 1 |  1.3
Dodging        | |  2.5
Unarmed Combat | |  0.9
Spellcasting   | |  2.3
Conjurations   | |  1.6
Earth Magic    | |  3.3

Action                     |  1- 3 |  4- 6 || total
---------------------------+-------+-------++-------
  Melee: Unarmed           |    65 |     6 ||    71
         Constrict         |    24 |     1 ||    25
         Tentacles         |    22 |       ||    22
   Cast: Sandblast         |    15 |       ||    15
         Stone Arrow       |     1 |       ||     1
    Use: Potion            |       |     2 ||     2
         Scroll            |       |     1 ||     1
   Stab: Sleeping          |     6 |       ||     6
 Armour: Skin              |    37 |     4 ||    41
  Dodge: Dodged            |    44 |     4 ||    48

Table legend: (Time is in decaauts)
 A = Elapsed time spent in this place.
 B = Non-inter-level travel time spent in this place.
 C = Inter-level travel time spent in this place.
 D = Time resting spent in this place.
 E = Time spent auto-exploring this place.
 F = Levels seen in this place.
 G = Mean time per level.
                   A        B        C        D        E       F      G
               +--------+--------+--------+--------+--------+-----+--------+
         Total |   1096 |   1072 |     24 |      0 |    849 |   2 |  548.0 |
       Dungeon |   1096 |   1072 |     24 |      0 |    849 |   2 |  548.0 |
               +--------+--------+--------+--------+--------+-----+--------+

Top non-repeatable levels by time:
     D:1: 791 daAuts
     D:2: 304 daAuts
